 Dungeon Crawl Stone Soup version 0.26.0-7-g794d0892b4 (webtiles) character file.

Game seed: 7458689558089314943

49 vvl the Skirmisher (level 3, -4/34 HPs)
             Began as a Hill Orc Fighter on Jan 11, 2021.
             Slain by a sky beast (5 damage)
             ... on level 4 of the Dungeon.
             The game lasted 00:02:49 (1128 turns).

vvl the Skirmisher (Hill Orc Fighter)               Turns: 1128, Time: 00:02:49

Health: -4/34      AC:  8    Str: 19    XL:     3   Next: 75%
Magic:  3/3        EV:  7    Int:  8    God:
Gold:   49         SH:  9    Dex: 10    Spells: 2/2 levels left

rFire    . . .     SeeInvis .   f - +0 dagger (venom)
rCold    . . .     Faith    .   c - +0 kite shield
rNeg     . . .     Spirit   .   b - +0 scale mail
rPois    .         Reflect  .   j - +0 helmet
rElec    .         Harm     .   (no cloak)
rCorr    .         Rampage  .   (no gloves)
Will     .....                  (no boots)
Stlth    ..........             (no amulet)
HPRegen  0.11/turn              (no ring)
MPRegen  0.08/turn              (no ring)

@: no status effects
A: no striking features
a: no special abilities


You were on level 4 of the Dungeon.
You visited 1 branch of the dungeon, and saw 4 of its levels.

You collected 49 gold pieces.

Inventory:

Hand Weapons
 a - a +0 war axe
 f - a +0 dagger of venom (weapon)
Armour
 b - a +0 scale mail (worn)
 c - a +0 kite shield (worn)
 j - a +0 helmet (worn)
Jewellery
 i - a cursed ring of attention {unknown}
Scrolls
 e - a scroll of remove curse {unknown}
 g - 4 scrolls of identify {unknown}
 h - a scroll of fog {unknown}
Potions
 d - a potion of might
 k - 2 potions of flight {unknown}
 l - a potion of haste {unknown}
 m - a potion of curing {unknown}


   Skills:
 * Level 4.3 Fighting
 + Level 3.7 Axes
 + Level 3.6 Armour
 + Level 3.6 Shields


You had 2 spell levels left.
You didn't know any spells.
Your spell library was empty.

Dungeon Overview and Level Annotations

Branches:
Dungeon (4/15)
 Temple: D:4-7

Altars:
Kikubaaqudgha

Shops:
D:4 }


Message History

The sky beast is lightly wounded.
The sky beast flickers out of sight!
Deactivating autopickup; reactivate with Ctrl-A.
Something hits you but does no damage. The orc hits you but does no damage.
You miss something. Something hits you.
* * * LOW HITPOINT WARNING * * *
Something shocks you.
* * * LOW HITPOINT WARNING * * *
You block the orc's attack.
You miss something. Something hits you but does no damage.
The orc hits you but does no damage.
You hit the orc but do no damage.
The orc looks as sick as possible!
The orc is almost dead.
You kill the orc!
You block something's attack.
There is a strange disturbance nearby!
You hit something. Something hits you.
* * * LOW HITPOINT WARNING * * *
Something shocks you.
You die...

### ..#.# .#
##.#.##+##.#
#..#.......#
#..#.......#
#..#.......# #
#.<#.......#
#(##.#....$.?#
#....#..$.@{)#
###.......#.≈...#
#.#######.....#
#+ #.!...#
#.....# ..8/..+
#.....# 8.∩.8.+


There were no monsters in sight!

Vanquished Creatures
  An adder (D:3)
  A howler monkey skeleton (D:4)
  A dart slug (D:3)
  3 orcs
  4 bats
  A giant cockroach (D:1)
  4 goblins
  2 hobgoblins
  A jackal (D:3)
  2 frilled lizards
  4 kobolds (D:3)
  A rat (D:3)
25 creatures vanquished.

Notes
Turn   | Place    | Note
-------+----------+-------------------------------------------
     0 | D:1      | vvl the Hill Orc Fighter began the quest for the Orb.
     0 | D:1      | Reached XP level 1. HP: 19/19 MP: 1/1
    65 | D:1      | Reached XP level 2. HP: 21/27 MP: 2/2
    71 | D:2      | Found an ancient bone altar of Kikubaaqudgha.
   624 | D:3      | Reached skill level 4 in Fighting
   624 | D:3      | Reached XP level 3. HP: 33/33 MP: 3/3
  1111 | D:4      | Noticed a sky beast
  1115 | D:4      | Found Ucwaps's Gadget Shoppe.
  1128 | D:4      | HP: 1/34 [something (4)]
  1128 | D:4      | Slain by a sky beast

Illustrated notes

Levels and vault maps discovered:
D:1:      dpeg_arrival_arbitrary_b, layout_loops_ring, minmay_misc_feat_encased,
          minmay_misc_feat_columns, supply_closet_lemuel, corexii_hall_statues_i
D:2:      layout_loops_ring, kiku_gazebo_garden_becter, minmay_pentomino_q4
D:3:      minmay_angry_zag, layout_basic
D:4:      layout_basic, serial_shops, shop, kennysheep_mini,
          nicolae_shop_statue_plus

Skill      XL: |  1  2 |
---------------+-------+-----
Axes           | 3 |  3.7
Fighting       | 4 |  4.3
Armour         | |  3.6
Shields        | |  3.6

Action                   || total
-------------------------++-------
Melee: War axe           ||    16
       Dagger            ||    74
Armor: Scale mail        ||    42
Dodge: Dodged            ||    21
Block: Kite shield       ||    45
